cohdb
Replays
Latest Replays
All Replays
Popular Replays
Top Player Replays
Match Explorer
How It Works
Community
CoH3 Stats
Reddit
Sign in to upload your games and track your stats! →
Sign in with Steam
Match 45106248
Unlisted
Match 45106248
Overview
Messages
Build Orders
End
Construct Infanterie Kompanie
Grenadier Squad
MG 42 Machine Gun Team
Selects Terror Battlegroup
Selects Machine Gun Camouflage
GrW 34 Mortar Team
Grenadier Squad
MG 42 Machine Gun Team
Medical Station
Construct Luftwaffe Kompanie
Jäger Squad
Selects Interrogate
Jäger Squad
Construct Panzergrenadier Kompanie
Support Elements
Selects Jericho Trumpet
Nebelwerfer 42 Rocket Launcher Team
Construct Panzer Kompanie
Selects V1 Rocket Strike
Side Skirts
Panzer IV Medium Tank
Stoßtruppen Squad
V1 Rocket Strike
Panzer IV Medium Tank
Stoßtruppen Squad
Pioneer Squad
Selects Defend the Fatherland
V1 Rocket Strike
Stoßtruppen Squad
alraf13
Silver G.
BaLLi
Psychovgaltis
dfk_7677
Sweet Bread
0
0
Comments
sign in to comment!
No comments posted yet!